Map: King's Cove LE

Players

Namshar

  • Race: Zerg Zerg
  • League: Grandmaster
  • Spawn Location: 11:00

Bunny - Winner!

  • Race: Terran Terran
  • League: Diamond
  • Spawn Location: 5:00

Event: HomeStory Cup XIX

VOD

Have the link to the VOD?

Description

Time

  • Played on: June 28, 2019, 8:06 a.m.
  • Length: 33:57

All games in this series

Show
View Real Time Build Order
Export as new Build Order

Namshar Zerg 

Build Orders: Hatch First, Brood Lord Corruptor 

Get SALT Encoding   

  12  0:00  Drone  
  13  0:13  Overlord  
  13  0:17  Drone  
  14  0:31  Drone x2  
  16  0:49  Hatchery  
  15  0:52  Drone  
  15  0:56  Drone  
  17  0:59  Drone  
  18  1:10  Extractor  
  17  1:15  Spawning Pool  
  17  1:18  Drone  
  17  1:21  Drone  
  19  1:46  Overlord  
  19  2:01  Zergling x8  
  19  2:02  Queen  
  19  2:03  Queen  
  27  2:13  Spine Crawler  
  26  2:27  Drone x2  
  26  2:28  Overlord  
  28  2:34  Zergling x2  
  27  2:37  Drone  
  27  2:38  Drone  
  29  2:45  Zergling x2  
  29  2:47  Spine Crawler  
  29  2:53  Drone  
  30  3:12  Drone x4  
  34  3:13  Queen  
  34  3:19  Overlord  
  36  3:20  Queen  
  38  3:28  Drone  
  38  3:29  Drone x2  
  38  3:34  Extractor  
  40  3:35  Extractor  
  40  3:38  Overlord  
  40  3:39  Drone  
  38  3:50  Drone x2  
  40  3:56  Queen  
  40  4:01  Drone x2  
  44  4:09  Drone  
  45  4:13  Hatchery  
  45  4:16  Metabolic Boost  
  44  4:21  Drone x2  
  46  4:25  Drone x4  
  46  4:30  Drone  
  51  4:32  Baneling Nest  
  51  4:37  Overlord  
  50  4:42  Drone, Spore Crawler  
  50  4:43  Spore Crawler  
  49  4:48  Drone  
  49  4:49  Drone  
  51  4:54  Zergling x4  
  53  5:03  Spore Crawler  
  51  5:10  Drone  
  51  5:13  Drone x7  
  58  5:14  Lair  
  59  5:21  Evolution Chamber  
  59  5:24  Evolution Chamber  
  59  5:26  Queen  
  59  5:27  Overlord  
  59  5:28  Drone  
  59  5:30  Drone  
  59  5:35  Drone x2  
  63  5:39  Drone  
  63  5:41  Zergling x2  
  65  5:44  Zergling x2  
  65  5:46  Overlord  
  65  5:47  Zergling x2  
  65  5:48  Drone x3  
  70  5:50  Drone  
  72  5:57  Drone x2  
  72  5:58  Spore Crawler  
  70  6:04  Drone  
  70  6:05  Drone x4  
  70  6:09  Drone  
  76  6:13  Centrifical Hooks  
  76  6:14  Zerg Melee Weapons Level 1  
  75  6:22  Zerg Ground Armor Level 1  
  75  6:24  Queen  
  73  6:42  Overlord x2  
  73  6:46  Drone x3  
  76  6:47  Extractor  
  76  6:49  Extractor  
  76  6:50  Drone x2  
  76  6:51  Drone x4  
  78  6:56  Drone x3  
  78  6:58  Overlord  
  81  7:04  Hydralisk Den, Drone x3  
  81  7:08  Queen  
  81  7:09  Extractor x2  
  81  7:19  Drone x2  
  81  7:20  Drone  
  84  7:27  Infestation Pit, Drone x2  
  85  7:30  Drone, Overlord  
  85  7:31  Overlord  
  86  7:37  Hatchery  
  85  7:46  Overlord x2  
  85  7:48  Hydralisk, Muscular Augments  
  85  7:49  Hydralisk x3  
  93  7:52  Baneling x8  
  93  7:53  Baneling  
  93  7:59  Hydralisk  
  93  8:00  Zergling x8  
  93  8:04  Baneling  
  99  8:05  Overlord  
  99  8:06  Hydralisk  
  99  8:08  Hydralisk  
  99  8:12  Hydralisk x2  
  104  8:19  Hive  
  106  8:21  Overlord  
  106  8:22  Drone x3  
  106  8:23  Drone  
  106  8:26  Zerg Missile Weapons Level 1  
  110  8:30  Drone x2  
  110  8:31  Drone x3  
  110  8:32  Drone  
  116  8:48  Drone x5  
  119  8:49  Hydralisk  
  119  8:50  Hydralisk, Zergling x2  
  125  8:56  Hatchery  
  125  8:59  Grooved Spines  
  124  9:07  Zergling x2  
  124  9:08  Zergling x22  
  136  9:12  Drone  
  135  9:19  Drone x2  
  135  9:23  Drone x2  
  135  9:24  Spine Crawler, Spore Crawler  
  134  9:33  Extractor  
  134  9:34  Extractor  
  134  9:38  Zerg Melee Weapons Level 2  
  131  9:39  Overlord x4, Spire  
  131  9:40  Viper x3  
  131  9:41  Extractor  
  131  9:45  Extractor  
  137  9:53  Baneling  
  137  9:54  Baneling  
  131  10:07  Queen x2  
  131  10:12  Drone x2  
  131  10:13  Drone x2  
  137  10:19  Drone x5  
  137  10:20  Hydralisk x3  
  137  10:21  Hydralisk x9  
  161  10:35  Zerg Missile Weapons Level 2  
  161  10:37  Overlord x2  
  161  10:38  Viper x2  
  167  10:43  Drone x3  
  167  10:44  Drone x3  
  169  10:52  Hydralisk x6  
  181  10:58  Queen x3  
  181  11:01  Queen  
  182  11:15  Greater Spire  
  182  11:16  Drone  
  183  11:19  Hydralisk x5, Spire  
  192  11:25  Overlord  
  192  11:26  Overlord x2  
  192  11:31  Baneling x9  
  192  11:44  Hydralisk  
  192  11:45  Hydralisk x2  
  198  11:51  Zergling x2  
  181  12:14  Hydralisk  
  181  12:15  Zergling x26  
  182  12:19  Drone x6  
  182  12:22  Hydralisk x3  
  162  12:23  Zergling x6  
  162  12:32  Corruptor x8  
  178  12:38  Queen  
  178  12:42  Spine Crawler  
  178  12:43  Hydralisk x2  
  178  12:44  Zergling x2  
  169  12:46  Baneling  
  169  12:47  Baneling x3  
  169  12:52  Hydralisk x2  
  169  12:57  Hydralisk  
  169  12:58  Zergling x4  
  177  13:00  Baneling x3  
  176  13:05  Brood Lord  
  176  13:06  Brood Lord  
  176  13:09  Brood Lord  
  180  13:15  Brood Lord  
  163  13:20  Hydralisk  
  163  13:21  Zergling x12  
  163  13:25  Brood Lord  
  164  13:30  Zergling x4  
  164  13:31  Brood Lord  
  168  13:37  Brood Lord x2  
  168  13:41  Corruptor  
  172  13:55  Hatchery  
  171  14:07  Zerg Missile Weapons Level 3, Zerg Melee Weapons Level 3  
  171  14:08  Zerg Flyer Weapons Level 1  
  161  14:20  Zerg Flyer Armor Level 1, Corruptor x2  
  161  14:21  Corruptor  
  167  14:25  Brood Lord  
  169  14:33  Zergling x4  
  169  14:34  Corruptor x2  
  175  14:44  Corruptor x2  
  175  14:45  Corruptor  
  180  14:57  Drone x12  
  184  15:05  Brood Lord  
  184  15:06  Brood Lord  
  186  15:10  Burrow, Pathogen Glands  
  186  15:19  Spine Crawler  
  177  15:22  Hydralisk x2, Spine Crawler  
  177  15:23  Zergling x2, Spore Crawler  
  177  15:25  Spore Crawler  
  177  15:27  Spine Crawler  
  178  15:31  Brood Lord x2  
  178  15:33  Drone x2  
  184  15:44  Infestor x2  
  184  15:45  Infestor x2  
  184  15:48  Baneling x6  
  192  15:55  Brood Lord, Corruptor  
  196  16:05  Hydralisk x2  
  196  16:06  Neural Parasite  
  196  16:42  Brood Lord x2  
  196  16:44  Zerg Flyer Weapons Level 2  
  196  16:45  Zerg Ground Armor Level 2, Zerg Flyer Armor Level 2  
  199  17:14  Extractor  
  196  17:15  Hatchery  
  196  17:16  Extractor  
  196  17:17  Hydralisk  
  196  17:18  Zergling x6  
  196  17:29  Hatchery  
  195  17:34  Drone x3  
  198  17:42  Adrenal Glands  
  198  17:43  Drone x2  
  199  17:57  Corruptor x2  
  195  18:05  Corruptor x9  
  173  18:14  Viper x2  
  173  18:15  Viper  
  173  18:17  Corruptor x2  
  173  18:18  Hydralisk x5  
  173  18:19  Hydralisk x3, Zergling x8  
  192  18:20  Zergling x4  
  192  18:24  Infestor  
  186  18:36  Zergling x4  
  186  18:37  Zergling x4  
  190  18:43  Brood Lord  
  190  18:44  Brood Lord x2  
  192  19:07  Spine Crawler x2  
  192  19:08  Spine Crawler, Zerg Flyer Weapons Level 3, Zerg Flyer Armor Level 3  
  183  19:11  Hydralisk x3  
  183  19:13  Spore Crawler  
  183  19:16  Brood Lord  
  185  19:24  Brood Lord x2  
  183  19:36  Brood Lord  
  185  19:41  Hydralisk x3  
  189  19:58  Corruptor  
  189  19:59  Corruptor x4  
  198  20:10  Hydralisk  
  198  20:11  Zergling x4  
  199  20:24  Brood Lord  
  185  20:48  Infestor x2  
  183  20:55  Corruptor x2  
  183  21:03  Corruptor x2  
  187  21:04  Infestor x2  
  190  21:20  Brood Lord  
  190  21:23  Corruptor  
  190  21:24  Corruptor x2  
  196  21:30  Hydralisk x3  
  196  21:31  Hydralisk x5  
  191  21:35  Hydralisk  
  193  21:41  Hatchery  
  193  21:45  Hydralisk  
  196  21:49  Hydralisk x2  
  198  21:55  Zergling x4  
  193  22:08  Corruptor  
  193  22:09  Corruptor  
  193  22:10  Infestor x2  
  193  22:14  Corruptor x2  
  196  22:25  Corruptor x3  
  200  22:31  Corruptor  
  191  23:16  Corruptor  
  191  23:17  Corruptor x2  
  188  23:22  Viper x2  
  188  23:25  Infestor  
  192  23:29  Brood Lord, Corruptor x3  
  192  23:32  Extractor x2  
  198  23:43  Spore Crawler  
  198  23:44  Spore Crawler  
  198  23:45  Spore Crawler x4  
  198  23:46  Spore Crawler  
  198  23:47  Drone x2, Spore Crawler x2  
  198  23:48  Drone x4, Spore Crawler  
  195  23:53  Drone x2  
  195  23:55  Hatchery  
  195  24:02  Brood Lord x2  
  199  24:44  Zergling x2  
  200  25:04  Zergling x2  
  198  25:48  Spine Crawler  
  197  25:50  Spine Crawler  
  197  25:51  Spine Crawler  
  197  25:52  Spore Crawler  
  197  25:54  Brood Lord x2  
  197  25:55  Zerg Ground Armor Level 3  
  197  26:00  Drone x6  
  197  26:01  Drone  
  199  26:06  Hydralisk, Zergling x2  
  199  26:07  Zergling x8  
  191  26:44  Hydralisk x2, Zergling x2  
  191  26:45  Zergling x4  
  175  27:22  Hydralisk x4  
  172  27:23  Zergling x26  
  182  27:32  Hydralisk, Zergling x6  
  181  27:45  Hatchery  
  176  27:51  Infestor x2  
  170  28:07  Viper x2  
  170  28:10  Brood Lord  
  170  28:11  Brood Lord x2  
  170  28:12  Corruptor x6  
  186  28:27  Hydralisk x3  
  187  28:37  Spine Crawler  
  187  28:39  Drone x10, Extractor x2, Spine Crawler x2, Spore Crawler  
  191  28:44  Zergling x8  
  191  28:45  Zergling x10  
  182  29:10  Drone x2  
  182  29:11  Roach Warren  
  174  29:25  Hydralisk  
  174  29:26  Baneling x6, Hydralisk x2  
  180  29:38  Corruptor  
  180  29:39  Corruptor x2  
  171  29:58  Hydralisk  
  146  30:01  Hydralisk  
  146  30:02  Hydralisk, Zergling x2  
  146  30:03  Zergling x26, Queen x2  
  146  30:04  Queen x2  
  142  30:07  Queen x3  
  142  30:09  Zergling x24  
  142  30:14  Hydralisk, Zergling x2  
  146  30:15  Zergling x8  
  146  30:18  Queen  
  146  30:19  Hydralisk  
  146  30:20  Zergling x2  
  150  30:28  Hydralisk  
  148  30:29  Zergling x8  
  154  30:39  Queen x2  
  154  30:40  Hydralisk  
  123  30:43  Zergling x2  
  123  30:44  Zergling x20  
  114  30:50  Hydralisk  
  114  30:51  Zergling x2, Queen x2  
  114  31:00  Hydralisk x3, Zergling x2  
  114  31:01  Zergling x6  
  124  31:04  Hydralisk  
  124  31:08  Queen x2  
  124  31:10  Baneling x3  
  130  31:12  Baneling  
  130  31:27  Hydralisk x3  
  130  31:31  Drone x8  
  141  31:37  Hydralisk x2  
  142  31:42  Baneling x3  
  142  31:54  Hydralisk x2  
  142  31:57  Hydralisk  
  148  32:05  Hydralisk x2  
  152  32:10  Baneling x2  
  152  32:12  Zergling x2  
  152  32:13  Zergling x10  
  156  32:17  Baneling x3  
  156  32:19  Baneling  
  155  32:31  Hydralisk x2  
  159  32:43  Hydralisk x2  
  151  32:54  Hydralisk x2  
  155  33:03  Hydralisk  
  156  33:16  Hydralisk x2  
  151  33:32  Hydralisk x3  
Show
View Real Time Build Order
Export as new Build Order

Bunny Terran - Winner!

Build Orders:  

Get SALT Encoding   

  12  0:00  SCV  
  13  0:12  SCV  
  14  0:18  Supply Depot  
  14  0:25  SCV  
  15  0:39  SCV  
  15  0:42  Barracks  
  16  0:54  Barracks  
  16  0:59  SCV  
  17  1:06  Refinery  
  17  1:11  SCV  
  18  1:23  SCV  
  19  1:29  Marine  
  20  1:36  Orbital Command  
  20  1:41  Marine  
  20  1:45  Supply Depot  
  21  1:47  Marine  
  22  1:58  Bunker  
  22  1:59  Marine  
  23  2:07  Marine  
  23  2:08  Supply Depot  
  24  2:10  SCV  
  25  2:20  Factory  
  25  2:31  Bunker  
  25  2:33  Marine  
  25  2:34  Marine  
  25  2:36  SCV  
  27  2:46  Supply Depot  
  27  2:49  SCV  
  27  2:51  Marine x2  
  28  3:03  SCV  
  29  3:15  SCV  
  29  3:17  Command Center  
  30  3:27  SCV  
  30  3:31  Factory Reactor  
  31  3:36  Starport  
  31  3:37  Refinery  
  31  3:42  SCV  
  32  3:54  SCV, Supply Depot  
  33  4:06  SCV  
  33  4:08  Hellion  
  33  4:09  Hellion  
  38  4:14  Refinery  
  38  4:16  Viking  
  40  4:18  Fusion Core  
  40  4:21  SCV  
  41  4:30  Orbital Command  
  41  4:35  SCV  
  41  4:38  Hellion  
  44  4:39  Hellion  
  46  4:47  Starport Tech Lab, SCV  
  46  4:56  SCV  
  48  5:00  SCV  
  46  5:07  Battlecruiser  
  46  5:11  SCV  
  46  5:12  SCV  
  52  5:23  SCV, Supply Depot  
  52  5:24  SCV  
  54  5:35  Command Center  
  54  5:36  SCV  
  54  5:38  SCV  
  56  5:45  Supply Depot  
  56  5:48  SCV  
  57  5:50  SCV  
  58  6:04  SCV x2  
  58  6:05  Factory x2  
  58  6:08  Armory  
  58  6:09  Armory  
  56  6:14  Barracks Tech Lab  
  56  6:16  SCV  
  56  6:17  SCV  
  58  6:21  Refinery, Supply Depot  
  58  6:23  Starport Reactor  
  58  6:27  Hellion  
  62  6:32  Hellion  
  62  6:33  SCV x2  
  64  6:45  SCV x2, Supply Depot  
  66  6:51  Hellion  
  70  6:54  Hellion  
  70  6:58  Supply Depot  
  70  6:59  SCV x2  
  72  7:03  Terran Vehicle And Ship Armor Level 1, Terran Vehicle Weapons Level 1  
  72  7:11  SCV x2  
  72  7:14  Refinery x2  
  74  7:21  Thor  
  74  7:22  Orbital Command  
  80  7:23  SCV x2  
  82  7:30  Thor  
  82  7:35  SCV x2  
  90  7:38  Supply Depot  
  90  7:47  Command Center, SCV x2  
  90  7:49  SCV  
  93  7:52  Medivac  
  93  7:54  Medivac  
  97  7:59  SCV  
  97  8:00  SCV  
  97  8:01  SCV  
  97  8:02  Supply Depot  
  100  8:08  Siege Tank  
  100  8:11  Liberator  
  103  8:13  Siege Tank  
  103  8:15  Liberator  
  103  8:18  Factory  
  103  8:19  Factory  
  106  8:22  SCV x2  
  106  8:23  SCV  
  106  8:25  Infernal Pre-Igniter  
  115  8:35  Hellion  
  115  8:36  Hellion  
  115  8:37  SCV  
  115  8:40  SCV x2  
  120  8:42  Siege Tank  
  119  8:50  SCV  
  119  8:52  SCV x2  
  119  8:53  Engineering Bay  
  120  8:57  Supply Depot  
  120  8:58  Supply Depot  
  120  8:59  Siege Tank  
  123  9:07  Factory Tech Lab, Factory Reactor  
  123  9:14  Hellion x2  
  127  9:22  SCV x3  
  130  9:25  Planetary Fortress  
  130  9:32  Siege Tank  
  130  9:33  Siege Tank x2  
  130  9:35  Hellion x2  
  130  9:37  Command Center  
  143  9:39  Refinery  
  143  9:43  Refinery  
  143  9:44  Sensor Tower  
  143  9:45  Missile Turret  
  143  9:46  Missile Turret  
  143  9:47  Terran Vehicle Weapons Level 2  
  143  9:49  Terran Vehicle And Ship Armor Level 2  
  143  9:54  Missile Turret  
  143  10:04  Siege Tank  
  144  10:08  Siege Tank  
  144  10:10  Hellion  
  144  10:11  Hellion x3  
  149  10:16  Siege Tank  
  152  10:26  Hellion x4  
  152  10:27  Hellion  
  152  10:32  Hellion x4  
  152  10:33  Supply Depot  
  152  10:34  Viking x2  
  161  10:37  Supply Depot  
  161  10:38  Supply Depot  
  161  10:40  SCV x2  
  164  10:44  Supply Depot x2  
  164  10:48  Siege Tank x2  
  164  10:49  Command Center  
  169  10:56  Siege Tank  
  174  10:57  Hellion x4  
  171  11:05  Viking x2  
  175  11:20  Siege Tank x2  
  175  11:21  Orbital Command  
  175  11:22  Liberator  
  179  11:28  Siege Tank  
  179  11:30  Hellion x3  
  179  11:32  Hellion  
  190  11:35  Starport  
  190  11:36  Fusion Core  
  193  11:45  Smart Servos  
  193  11:50  Factory  
  193  11:52  Siege Tank x2  
  199  11:54  Factory  
  197  12:04  Terran Vehicle Weapons Level 3  
  197  12:05  Hellion x3  
  197  12:06  Hellion  
  186  12:10  Siege Tank  
  186  12:12  Orbital Command  
  186  12:14  Refinery, SCV  
  186  12:15  SCV x4  
  147  12:24  Viking x2  
  147  12:28  Siege Tank  
  147  12:29  Siege Tank  
  151  12:31  Hellion  
  153  12:37  Factory Tech Lab, Factory Reactor  
  153  12:41  Hellion x2  
  143  12:50  Siege Tank  
  143  12:51  Hellion  
  148  12:52  Hellion  
  148  12:56  Terran Vehicle And Ship Armor Level 3  
  148  12:57  SCV  
  148  12:58  SCV x2  
  153  13:01  Siege Tank x2  
  153  13:02  SCV x2  
  161  13:08  Viking x2  
  161  13:11  Hellion x2  
  169  13:18  Siege Tank  
  160  13:21  Hellion  
  160  13:22  Siege Tank  
  160  13:25  Hellion x2  
  160  13:26  Hellion  
  148  13:33  Siege Tank  
  151  13:37  Siege Tank  
  151  13:38  Hellion  
  156  13:46  Hellion  
  156  13:47  Hellion  
  166  13:50  Siege Tank, Viking x2, Sensor Tower  
  166  13:52  Viking, Missile Turret x2  
  166  13:53  Missile Turret  
  166  13:54  Starport  
  159  14:07  Refinery, Starport x2  
  159  14:11  Hellion x2  
  159  14:14  Thor  
  162  14:18  Thor  
  162  14:20  Viking x2  
  162  14:22  Viking  
  174  14:24  Thor  
  180  14:41  Terran Ship Weapons Level 1  
  180  14:42  Command Center  
  180  14:43  Thor  
  186  14:57  Thor  
  182  15:01  Thor, Viking  
  182  15:02  Viking  
  182  15:07  Hellion x4  
  194  15:16  Hellion x2  
  194  15:17  Viking  
  200  15:53  Starport Tech Lab  
  200  15:54  Starport Reactor x2  
  200  15:58  Command Center  
  200  15:59  Starport x2  
  200  16:01  Command Center  
  200  16:14  Viking  
  199  16:20  Planetary Fortress  
  199  16:32  Refinery  
  191  16:33  Refinery, Command Center  
  191  16:35  Sensor Tower  
  191  16:36  Viking x6  
  191  16:37  Command Center  
  200  16:48  Advanced Ballistics  
  200  16:49  Starport Reactor  
  200  16:50  Starport Reactor  
  200  16:55  Terran Ship Weapons Level 2  
  200  17:12  Planetary Fortress  
  200  17:13  Factory x2  
  200  17:14  Sensor Tower  
  200  17:22  Liberator x5  
  195  17:43  Refinery  
  200  17:45  Sensor Tower  
  199  18:05  Viking x4  
  193  18:07  Thor x2, Liberator x2  
  193  18:08  Hellion x2  
  193  18:09  Hellion x2  
  193  18:11  Viking  
  171  18:14  Hellion  
  171  18:15  Hellion x3  
  151  18:25  Viking x4  
  160  18:30  Hellion x4  
  160  18:33  Orbital Command  
  160  18:34  SCV x5  
  169  18:35  SCV  
  169  18:38  Planetary Fortress  
  171  18:44  Siege Tank x2  
  177  18:53  Hellion  
  177  18:54  Hellion x3  
  185  18:58  Liberator x2  
  183  19:15  Viking x5  
  199  19:20  Terran Ship Weapons Level 3  
  195  19:36  Siege Tank x3  
  200  19:42  Liberator  
  200  19:43  Liberator  
  198  20:11  Refinery  
  198  20:12  Hellion x2  
  198  20:13  Refinery, Hellion x3  
  200  20:14  Mag-Field Accelerator  
  200  20:25  Liberator x2  
  200  20:33  Viking  
  176  20:50  Viking x5  
  189  20:51  Viking x3  
  189  20:56  Thor x2  
  186  21:03  Viking, Hellion x4  
  174  21:04  Hellion x3  
  174  21:05  Hellion  
  165  21:19  Viking  
  165  21:20  Viking x2  
  165  21:24  Hellion  
  165  21:25  Thor x2, Hellion x3  
  179  21:30  Viking  
  179  21:32  Hellion  
  191  21:37  Planetary Fortress  
  191  21:39  Thor  
  197  21:45  Hellion  
  196  22:04  Viking x3  
  196  22:07  Viking x4  
  198  22:09  Viking x2  
  198  22:12  Hellion x3  
  178  22:17  Viking x2  
  178  22:22  Thor x3  
  182  22:28  Hellion x5  
  196  22:34  Hellion  
  196  22:35  Hellion  
  200  22:43  Command Center  
  199  22:57  Viking x5  
  195  23:06  Viking  
  195  23:08  Thor, Liberator  
  195  23:12  Viking x2  
  200  23:17  Liberator  
  189  23:24  Hellion x5  
  200  23:32  Sensor Tower, Missile Turret  
  200  23:33  Missile Turret  
  197  23:35  Viking  
  198  23:46  Viking  
  200  23:55  Missile Turret, Sensor Tower  
  200  23:56  Hellion x7  
  200  23:58  Liberator x5  
  190  24:12  Thor  
  198  24:35  Viking  
  188  25:13  Cyclone x4  
  198  25:14  Hellion  
  195  25:59  Factory Tech Lab  
  195  26:03  Command Center, Cyclone  
  195  26:04  Cyclone x2  
  199  26:05  Command Center  
  199  26:19  Missile Turret  
  199  26:21  Missile Turret  
  191  27:02  Sensor Tower  
  174  27:09  Thor x3  
  174  27:13  Viking  
  174  27:14  Viking x6  
  174  27:15  Hellion x5  
  196  27:18  Hellion  
  196  27:19  Hellion x2  
  184  27:26  Hellion  
  162  27:36  Hellion x5  
  154  27:37  Viking x4  
  154  27:43  Viking x2  
  163  27:47  Siege Tank  
  147  27:51  Viking x4  
  147  27:52  Siege Tank x3, Hellion  
  147  27:53  Hellion x2  
  147  27:57  Hellion  
  147  27:58  Hellion x3  
  160  28:04  Hellion  
  162  28:14  Hellion x3  
  162  28:19  Thor, Hellion, Viking  
  178  28:24  Thor x2  
  190  28:29  Refinery  
  190  28:33  Siege Tank  
  191  28:34  Sensor Tower  
  191  28:37  Missile Turret  
  191  28:38  Refinery  
  191  28:42  Hellion  
  191  28:46  Planetary Fortress  
  193  29:02  Siege Tank  
  196  29:22  Viking x2  
  182  29:58  Hellion  
  182  29:59  Hellion x3  
  142  30:19  Cyclone x4  
  152  30:21  Hellion x6  
  155  30:42  Hellion  
  155  30:43  Hellion x5  
  147  30:51  Cyclone x2  
  147  30:55  Hellion x3  
  151  30:59  Viking  
  151  31:01  Viking  
  151  31:03  Viking  
  157  31:06  Viking  
  159  31:20  Orbital Command  
  159  31:21  Liberator  
  159  31:24  Viking  
  159  31:25  Viking  
  166  31:45  Liberator  
  166  31:46  SCV x4  
  170  31:51  SCV  
  171  32:08  Cyclone  
  174  32:38  Siege Tank x2  
  177  32:50  Hellion x14  
  170  32:59  Hellion x3  
  170  33:00  Hellion  
  170  33:03  Hellion x2  
  170  33:04  Hellion x3  
  188  33:10  Hellion  
  183  33:31  Hellion x4  
  183  33:32  Hellion  
  170  33:34  Hellion  
Tags
 
Add a new tag
Caveats
  • Supply blocks, unpowered buildings, or Contaminate may cause inaccurate times.
  • Supply counts are checked every 10 seconds.